 Dungeon Crawl Stone Soup version 0.20.1-1-g8b1a95d (webtiles) character file.

78 Meow the Conjurer (level 4, 36/36 HPs)
             Began as a Naga Wizard on Oct 1, 2017.
             Quit the game on level 2 of the Dungeon.
             The game lasted 00:04:50 (1230 turns).

Meow the Conjurer (Naga Wizard)                     Turns: 1230, Time: 00:04:51

Health: 36/36      AC:  2    Str:  9    XL:     4   Next: 36%
Magic:  4/8        EV: 10    Int: 19    God:
Gold:   34         SH:  0    Dex: 10    Spells: 2/9 levels left

rFire    . . .     SeeInvis +   (no weapon)
rCold    . . .     Gourm    .   (no shield)
rNeg     . . .     Faith    .   a - +0 robe
rPois    +         Spirit   .   b - +0 hat
rElec    .         Reflect  .   (no cloak)
rCorr    .         Harm     .   (no gloves)
MR       .....                  (no barding)
Stlth    ++........             (no amulet)
Regen    0.2/turn               (no ring)
MPRegen  0.2/turn               (no ring)

@: short of breath, very slightly contaminated, very slow
A: see invisible, deformed body, poison resistance, slowness 2, slow metabolism
1, spit poison 1, AC +1
a: Spit Poison


You were on level 2 of the Dungeon.
You were not hungry.

You visited 1 branch of the dungeon, and saw 2 of its levels.

You collected 34 gold pieces.

Inventory:

Hand Weapons
 n - a +0 dagger of freezing
 t - a +0 short sword
Missiles
 k - 16 bolts
 p - 6 poisoned needles
 q - 18 arrows
Armour
 a - a +0 robe (worn)
 b - a +0 hat (worn)
Jewellery
 g - an uncursed ring of resist corrosion {unknown}
Scrolls
 e - 2 scrolls of immolation
 h - 2 scrolls of teleportation
 i - a scroll of enchant weapon {unknown}
 j - 2 scrolls of fog
 l - a scroll of identify {unknown}
 o - a scroll of recharging {unknown}
Potions
 f - a potion of lignification {unknown}
 m - a potion of flight {unknown}
Books
 c - a book of Minor Magic

   Spells                             Type                      Level
   a - Magic Dart                     Conjuration                  1
   b - Blink                          Translocation                2
   c - Call Imp                       Summoning                    2
   d - Slow                           Hexes                        2
   e - Conjure Flame                  Conjuration/Fire             3
   f - Mephitic Cloud                 Conjuration/Poison/Air       3
Comestibles
 d - 3 bread rations
 r - a royal jelly
 s - a chunk of flesh


   Skills:
 - Level 1.5 Dodging
 - Level 3.0 Stealth
 - Level 3.0 Spellcasting
 + Level 4.0 Conjurations
   Level 1.0 Summonings
   Level 1.0 Translocations


You had 2 spell levels left.
You knew the following spells:

 Your Spells              Type           Power        Failure   Level  Hunger
a - Magic Dart            Conj           ###.         2%          1    None
c - Mephitic Cloud        Conj/Pois/Air  #.......     26%         3    ###....
C - Conjure Flame         Conj/Fire      ##......     21%         3    ###....


Dungeon Overview and Level Annotations

Branches:
Dungeon (2/15)

Altars:
Gozag


Innate Abilities, Weirdness & Mutations

You cannot wear boots.
Your serpentine skin is tough. (AC +1)
You have supernaturally acute eyesight. (SInv)
Armour fits poorly on your strangely shaped body.
Your system is resistant to poisons. (rPois)
You cover ground very slowly.
You have a slow metabolism.
You can spit poison.


Message History

The magic dart hits Natasha.
Natasha is moderately wounded.
Press: ? - help, Shift-Dir - straight line, f/p - Natasha
Aim: Natasha (moderately wounded)
The splash of poison hits Natasha.
Natasha is poisoned.
Natasha is severely wounded.
You feel slightly more hungry.
Casting: Magic Dart
Confirm with . or Enter, or press ? or * to list all spells.
Aiming: Magic Dart
Press: ? - help, Shift-Dir - straight line, f/p - Natasha
Aim: Natasha (severely wounded, poisoned)
The magic dart hits Natasha.
Natasha is almost dead.
You kill Natasha!
Natasha screams in pain as she dies!
Your Conjurations skill increases to level 4!
You have reached level 4!
You feel agile.
Are you sure you want to abandon this character and quit the game? (Confirm with "yes".)

###....#####.....
..##.............
#.....##.........
....#.#####......
.##.#.# ##....
.##.#.# ### ..
(##...# #####..#
#####<# ##.....#
########## #.@#
.........# ##.##
#####....#####..#
#..........##
##...#######
#...# #...# #...#
#...#


There were no monsters in sight!

Vanquished Creatures
  Natasha (D:2)
  An adder (D:2)
  An ooze (D:1)
  A dart slug (D:1)
  3 giant cockroaches
  3 goblins (D:1)
  5 hobgoblins (D:1)
  5 jackals (D:1)
  A quokka (D:2)
  6 bats (D:1)
  3 frilled lizards
  2 kobolds
  5 rats
37 creatures vanquished.

Notes
Turn   | Place    | Note
-------+----------+-------------------------------------------
     0 | D:1      | Meow the Naga Wizard began the quest for the Orb.
     0 | D:1      | Reached XP level 1. HP: 15/15 MP: 4/4
   219 | D:1      | Reached skill level 2 in Conjurations
   219 | D:1      | Reached XP level 2. HP: 13/22 MP: 6/6
   595 | D:1      | Reached XP level 3. HP: 28/28 MP: 7/7
   630 | D:1      | Learned a level 3 spell: Conjure Flame
   634 | D:1      | Learned a level 3 spell: Mephitic Cloud
   659 | D:1      | Reached skill level 3 in Conjurations
  1141 | D:2      | Found an opulent altar of Gozag.
  1214 | D:2      | Noticed Natasha
  1229 | D:2      | Killed Natasha
  1229 | D:2      | Reached skill level 4 in Conjurations
  1229 | D:2      | Reached XP level 4. HP: 36/36 MP: 4/8
  1230 | D:2      | Quit the game

Skill      XL: |  1  2  3 |
---------------+----------+-----
Conjurations   | 2 4 |  4.0
Dodging        | |  1.5
Stealth        | |  3.0
Spellcasting   | |  3.0
Summonings     | |  1.0
Translocations | |  1.0

Action                   |  1- 3 |  4- 6 || total
-------------------------+-------+-------++-------
 Cast: Magic Dart        |    45 |       ||    45
 Abil: Spit Poison       |    34 |       ||    34
  Use: Scroll            |     3 |       ||     3
  Eat: Chunk             |     2 |       ||     2
Armor: Robe              |     6 |       ||     6
Dodge: Dodged            |    12 |       ||    12
